[ AOE2 MATCH · #505131632 ]
UnrankedByzantines vs Khmer
[ REPLAY ANALYSIS · EXTRACTED FROM THE RECORDED GAME ]
Feudal
10:32
Castle
14:30
Imperial
29:36
| APM avg | 31.3 |
| APM peak | 133 |
| eAPM avg | 15.2 |
| Villagers / military | 171 / 441 |
Focus
⚔️ 47.5% · 🌾 52.5%
Scout Cavalry ×310 · Cataphract ×94 · Bombard Cannon ×18 · Monk ×9 · Battering Ram ×6 · Spearman ×3
Feudal
10:21
Castle
14:30
Imperial
33:30
| APM avg | 17.3 |
| APM peak | 63 |
| eAPM avg | 13.3 |
| Villagers / military | 124 / 320 |
Focus
⚔️ 33.9% · 🌾 66.1%
Scout Cavalry ×160 · Scorpion ×143 · Trebuchet (Packed) ×11 · Monk ×4 · Battering Ram ×2
Feudal
10:41
Castle
14:14
Imperial
43:41
| APM avg | 21.4 |
| APM peak | 49 |
| eAPM avg | 13.8 |
| Villagers / military | 199 / 98 |
Focus
⚔️ 27.8% · 🌾 72.2%
Militia ×18 · Conquistador ×18 · Skirmisher ×15 · Hand Cannoneer ×15 · Knight ×10 · Missionary ×10
Feudal
11:54
Castle
15:26
Imperial
38:08
| APM avg | 36.1 |
| APM peak | 98 |
| eAPM avg | 22.2 |
| Villagers / military | 124 / 260 |
Focus
⚔️ 33.3% · 🌾 66.7%
Camel Scout ×187 · Gbeto ×41 · Petard ×15 · Knight ×11 · Trebuchet (Packed) ×3 · Scorpion ×2
Match map
Initial resources + every placement click. Lines = walls · curves = elevation contours. ◆ gold · ⬟ stone · ● berries · ✦ relic · ◌ wall gap
Your base· ✓ Closed at 14:30 · 8t walls · 4 gate(s)
CTM | Franco*'s base· ✓ Closed at 14:30 · 0t walls · 3 gate(s)
Thire7's base· ✓ Closed at 14:14 · 11t walls · 4 gate(s)
PSX | King's base· ✓ Closed at 15:26 · 1t walls · 3 gate(s)
Smoothed initial terrain · ◌ = detected wall gap · hover for details
Inputs per minute
— Movinup14 - - CTM | Franco*
Build order — Movinup14
First 150 of 453 actions detected
| 0:01 | Queue | Villager (Male) |
| 0:02 | Build | House |
| 0:04 | Build | House |
| 0:05 | Queue | Villager (Male) |
| 0:06 | Queue | Villager (Male) |
| 0:19 | Queue | Villager (Male) |
| 1:29 | Queue | Villager (Male) |
| 1:29 | Queue | Villager (Male) |
| 1:45 | Build | Lumber Camp |
| 1:55 | Queue | Villager (Male) |
| 1:55 | Queue | Villager (Male) |
| 2:22 | Queue | Villager (Male) |
| 2:22 | Queue | Villager (Male) |
| 2:54 | Queue | Villager (Male) |
| 2:54 | Queue | Villager (Male) |
| 3:01 | Queue | Villager (Male) |
| 3:01 | Queue | Villager (Male) |
| 3:24 | Build | House |
| 3:45 | Queue | Villager (Male) |
| 3:46 | Queue | Villager (Male) |
| 4:04 | Queue | Villager (Male) |
| 4:04 | Queue | Villager (Male) |
| 4:14 | Build | Mill |
| 4:21 | Build | House |
| 4:26 | Queue | Villager (Male) |
| 4:26 | Queue | Villager (Male) |
| 4:26 | Queue | Villager (Male) |
| 5:01 | Queue | Villager (Male) |
| 5:01 | Queue | Villager (Male) |
| 5:01 | Queue | Villager (Male) |
| 5:08 | Build | Palisade Wall |
| 5:12 | Build | Palisade Wall |
| 5:15 | Build | Palisade Gate |
| 5:23 | Build | Palisade Wall |
| 5:25 | Build | Palisade Wall |
| 5:48 | Queue | Villager (Male) |
| 5:48 | Queue | Villager (Male) |
| 5:49 | Queue | Villager (Male) |
| 5:49 | Queue | Villager (Male) |
| 6:15 | Queue | Villager (Male) |
| 6:16 | Queue | Villager (Male) |
| 6:16 | Queue | Villager (Male) |
| 6:23 | Queue | Villager (Male) |
| 7:27 | Build | Mining Camp |
| 7:57 | Queue | Villager (Male) |
| 8:02 | Research | Feudal Age |
| 8:33 | Queue | Villager (Male) |
| 8:33 | Queue | Villager (Male) |
| 10:15 | Build | House |
| 10:32 | Age | Feudal Age |
| 10:42 | Build | Market |
| 10:52 | Queue | Villager (Male) |
| 11:15 | Build | Blacksmith |
| 11:50 | Research | Castle Age |
| 11:50 | Research | Castle Age |
| 11:55 | Research | Double-Bit Axe |
| 12:17 | Build | Lumber Camp |
| 12:37 | Research | Horse Collar |
| 13:24 | Build | Farm |
| 13:24 | Build | Farm |
| 13:25 | Build | Farm |
| 13:25 | Build | Farm |
| 13:25 | Build | Farm |
| 14:11 | Queue | Villager (Male) |
| 14:11 | Queue | Villager (Male) |
| 14:30 | Age | Castle Age |
| 14:33 | Build | Town Center |
| 14:40 | Build | Town Center |
| 14:44 | Research | Bow Saw |
| 15:04 | Build | Farm |
| 15:09 | Build | Farm |
| 15:31 | Queue | Villager (Male) |
| 15:32 | Queue | Villager (Male) |
| 16:00 | Queue | Villager (Male) |
| 16:01 | Queue | Villager (Male) |
| 16:06 | Queue | Villager (Male) |
| 16:07 | Queue | Villager (Male) |
| 16:10 | Build | Farm |
| 16:10 | Build | Farm |
| 16:11 | Build | Farm |
| 16:11 | Build | Farm |
| 16:16 | Build | Farm |
| 16:18 | Build | Farm |
| 16:25 | Build | Farm |
| 16:35 | Queue | Villager (Male) |
| 16:35 | Queue | Villager (Male) |
| 16:48 | Queue | Villager (Male) |
| 16:49 | Queue | Villager (Male) |
| 16:52 | Build | Farm |
| 16:55 | Build | Farm |
| 16:58 | Build | Farm |
| 17:00 | Build | Farm |
| 17:03 | Build | Farm |
| 17:06 | Queue | Villager (Male) |
| 17:06 | Queue | Villager (Male) |
| 17:11 | Build | House |
| 17:12 | Build | House |
| 17:16 | Queue | Villager (Male) |
| 17:16 | Queue | Villager (Male) |
| 17:20 | Queue | Villager (Male) |
| 17:22 | Build | Farm |
| 17:29 | Build | Farm |
| 17:34 | Queue | Villager (Male) |
| 17:34 | Queue | Villager (Male) |
| 17:54 | Queue | Villager (Male) |
| 17:54 | Queue | Villager (Male) |
| 17:55 | Queue | Villager (Male) |
| 18:02 | Build | Farm |
| 18:03 | Build | Farm |
| 18:03 | Build | Farm |
| 18:09 | Queue | Villager (Male) |
| 18:09 | Queue | Villager (Male) |
| 18:11 | Build | House |
| 18:12 | Build | House |
| 18:29 | Queue | Villager (Male) ×4 |
| 18:39 | Build | Farm |
| 18:43 | Build | Farm |
| 18:45 | Research | Wheelbarrow |
| 18:45 | Research | Wheelbarrow |
| 18:51 | Queue | Villager (Male) |
| 18:51 | Queue | Villager (Male) |
| 18:57 | Build | Farm |
| 19:05 | Build | Farm |
| 19:09 | Build | Farm |
| 19:10 | Queue | Villager (Male) |
| 19:10 | Queue | Villager (Male) |
| 19:11 | Queue | Villager (Male) |
| 19:14 | Build | House |
| 19:23 | Build | Mining Camp |
| 19:28 | Research | Stone Mining |
| 19:29 | Queue | Villager (Male) |
| 19:29 | Queue | Villager (Male) |
| 19:43 | Queue | Villager (Male) |
| 19:44 | Queue | Villager (Male) |
| 19:44 | Queue | Villager (Male) |
| 20:04 | Queue | Villager (Male) |
| 20:04 | Queue | Villager (Male) |
| 20:04 | Queue | Villager (Male) |
| 20:19 | Build | Farm |
| 20:19 | Build | Farm |
| 20:19 | Build | Farm |
| 20:20 | Build | Farm |
| 20:20 | Build | Farm |
| 20:27 | Queue | Villager (Male) |
| 20:36 | Queue | Villager (Male) |
| 20:42 | Research | Hand Cart |
| 20:43 | Queue | Villager (Male) |
| 20:43 | Queue | Villager (Male) |
| 21:12 | Research | Loom |
| 21:13 | Queue | Villager (Male) ×5 |
Build order — CTM | Franco*
First 150 of 384 actions detected
| 0:03 | Queue | Villager (Male) |
| 0:03 | Queue | Villager (Male) |
| 0:03 | Queue | Villager (Male) |
| 0:04 | Queue | Villager (Male) |
| 0:04 | Queue | Villager (Male) |
| 0:09 | Build | House |
| 0:10 | Build | House |
| 1:30 | Queue | Villager (Male) |
| 2:03 | Build | House |
| 2:04 | Build | House |
| 2:07 | Queue | Villager (Male) |
| 2:24 | Build | Lumber Camp |
| 2:27 | Queue | Villager (Male) |
| 2:47 | Queue | Villager (Male) |
| 3:19 | Queue | Villager (Male) |
| 3:52 | Queue | Villager (Male) |
| 3:52 | Queue | Villager (Male) |
| 4:08 | Queue | Villager (Male) |
| 4:56 | Build | Mining Camp |
| 4:57 | Queue | Villager (Male) |
| 5:23 | Queue | Villager (Male) |
| 5:27 | Queue | Villager (Male) |
| 5:46 | Queue | Villager (Male) |
| 6:30 | Queue | Villager (Male) |
| 6:41 | Queue | Villager (Male) |
| 7:34 | Research | Loom |
| 8:11 | Research | Feudal Age |
| 9:38 | Build | Mill |
| 10:10 | Queue | Villager (Male) |
| 10:21 | Age | Feudal Age |
| 11:50 | Research | Castle Age |
| 12:39 | Build | House |
| 12:41 | Build | House |
| 12:42 | Build | House |
| 12:46 | Research | Double-Bit Axe |
| 13:55 | Research | Gold Mining |
| 14:01 | Build | House |
| 14:02 | Build | House |
| 14:30 | Age | Castle Age |
| 14:45 | Build | Siege Workshop |
| 14:46 | Queue | Villager (Male) |
| 14:46 | Queue | Villager (Male) |
| 14:57 | Build | Farm |
| 15:00 | Queue | Villager (Male) |
| 15:23 | Build | Monastery |
| 15:28 | Build | Farm |
| 15:31 | Queue | Battering Ram |
| 15:34 | Queue | Battering Ram |
| 15:41 | Queue | Villager (Male) |
| 15:57 | Queue | Villager (Male) |
| 16:03 | Queue | Scorpion |
| 16:06 | Queue | Villager (Male) |
| 16:14 | Queue | Villager (Male) |
| 16:36 | Build | Farm |
| 16:39 | Queue | Monk |
| 16:48 | Queue | Villager (Male) |
| 16:53 | Build | Farm |
| 16:56 | Build | Farm |
| 17:05 | Queue | Villager (Male) |
| 17:20 | Build | Farm |
| 17:23 | Research | Horse Collar |
| 17:28 | Queue | Monk |
| 17:33 | Queue | Scorpion |
| 17:33 | Queue | Scorpion |
| 17:58 | Build | Farm |
| 18:11 | Queue | Villager (Male) |
| 18:24 | Queue | Villager (Male) |
| 18:27 | Queue | Scorpion |
| 18:27 | Queue | Scorpion |
| 18:29 | Queue | Scorpion |
| 18:36 | Build | Farm |
| 18:58 | Queue | Villager (Male) |
| 19:14 | Queue | Villager (Male) |
| 19:21 | Build | Town Center |
| 19:33 | Queue | Villager (Male) |
| 19:48 | Queue | Villager (Male) |
| 20:05 | Queue | Villager (Male) |
| 20:16 | Build | Town Center |
| 20:17 | Queue | Villager (Male) |
| 20:20 | Build | Farm |
| 20:32 | Queue | Villager (Male) |
| 20:49 | Queue | Villager (Male) |
| 20:49 | Queue | Villager (Male) |
| 21:01 | Queue | Villager (Male) |
| 21:17 | Build | Farm |
| 21:23 | Queue | Villager (Male) |
| 21:30 | Build | Farm |
| 21:42 | Queue | Villager (Male) |
| 21:52 | Build | Farm |
| 21:53 | Build | Farm |
| 21:55 | Build | Farm |
| 21:57 | Build | Farm |
| 22:01 | Queue | Villager (Male) |
| 22:01 | Queue | Villager (Male) |
| 22:06 | Build | House |
| 22:07 | Build | House |
| 22:08 | Build | House |
| 22:11 | Queue | Villager (Male) |
| 22:24 | Queue | Villager (Male) |
| 22:35 | Build | Farm |
| 22:37 | Build | Farm |
| 22:40 | Build | Farm |
| 22:41 | Queue | Villager (Male) |
| 22:50 | Queue | Scorpion |
| 22:51 | Queue | Scorpion |
| 22:58 | Build | House |
| 22:58 | Build | House |
| 22:59 | Build | House |
| 22:59 | Build | House |
| 23:17 | Queue | Villager (Male) |
| 23:18 | Queue | Villager (Male) |
| 23:18 | Queue | Villager (Male) |
| 23:20 | Build | Farm |
| 23:39 | Queue | Villager (Male) |
| 23:39 | Queue | Villager (Male) |
| 23:40 | Queue | Villager (Male) |
| 24:06 | Queue | Villager (Male) |
| 24:06 | Queue | Villager (Male) |
| 24:07 | Queue | Villager (Male) |
| 24:07 | Queue | Villager (Male) |
| 24:10 | Build | Farm |
| 24:12 | Build | Farm |
| 24:16 | Build | House |
| 24:17 | Build | House |
| 24:18 | Build | House |
| 24:28 | Queue | Villager (Male) |
| 24:29 | Queue | Villager (Male) |
| 24:29 | Queue | Villager (Male) |
| 24:35 | Build | Mining Camp |
| 24:56 | Queue | Villager (Male) |
| 24:57 | Queue | Villager (Male) |
| 24:58 | Queue | Villager (Male) |
| 24:58 | Queue | Villager (Male) |
| 25:00 | Build | Farm |
| 25:03 | Build | Farm |
| 25:39 | Queue | Villager (Male) |
| 25:39 | Queue | Villager (Male) |
| 25:40 | Queue | Villager (Male) |
| 25:44 | Build | Farm |
| 25:45 | Build | Farm |
| 25:47 | Build | Farm |
| 25:49 | Research | Heavy Plow |
| 25:52 | Build | House |
| 25:54 | Build | House |
| 25:55 | Build | House |
| 25:56 | Queue | Villager (Male) |
| 25:57 | Queue | Villager (Male) |
| 25:59 | Queue | Villager (Male) |
| 26:06 | Build | Lumber Camp |
| 26:08 | Research | Bow Saw |
Build order — Thire7
First 150 of 450 actions detected
| 0:00 | Queue | Villager (Male) |
| 0:01 | Queue | Villager (Male) |
| 0:01 | Queue | Villager (Male) |
| 0:02 | Build | House |
| 0:04 | Build | House |
| 0:25 | Queue | Villager (Male) |
| 0:26 | Queue | Villager (Male) |
| 1:30 | Queue | Villager (Male) |
| 1:30 | Queue | Villager (Male) |
| 1:44 | Build | Lumber Camp |
| 1:56 | Queue | Villager (Male) |
| 1:56 | Queue | Villager (Male) |
| 1:56 | Queue | Villager (Male) |
| 2:28 | Queue | Villager (Male) |
| 2:29 | Queue | Villager (Male) |
| 2:33 | Queue | Villager (Male) |
| 2:33 | Queue | Villager (Male) |
| 2:33 | Queue | Villager (Male) |
| 3:11 | Queue | Villager (Male) |
| 3:12 | Queue | Villager (Male) |
| 3:26 | Build | House |
| 3:38 | Queue | Villager (Male) |
| 3:39 | Queue | Villager (Male) |
| 3:51 | Build | Mill |
| 4:04 | Queue | Villager (Male) |
| 4:05 | Queue | Villager (Male) |
| 4:12 | Build | Palisade Gate |
| 4:22 | Build | Palisade Wall |
| 4:26 | Build | Palisade Wall |
| 4:27 | Build | Palisade Wall |
| 4:30 | Build | Palisade Wall |
| 4:35 | Build | Palisade Wall |
| 4:37 | Build | Palisade Wall |
| 4:37 | Queue | Villager (Male) |
| 4:38 | Queue | Villager (Male) |
| 4:41 | Build | Palisade Wall |
| 4:45 | Build | Palisade Wall |
| 4:47 | Build | Palisade Wall |
| 5:02 | Queue | Villager (Male) |
| 5:02 | Queue | Villager (Male) |
| 5:02 | Queue | Villager (Male) |
| 5:28 | Queue | Villager (Male) |
| 5:28 | Queue | Villager (Male) |
| 5:35 | Build | House |
| 5:55 | Queue | Villager (Male) |
| 5:56 | Queue | Villager (Male) |
| 6:07 | Build | Palisade Wall |
| 6:23 | Queue | Villager (Male) |
| 6:48 | Queue | Villager (Male) |
| 6:48 | Queue | Villager (Male) |
| 7:52 | Queue | Villager (Male) |
| 8:04 | Build | Mining Camp |
| 8:31 | Research | Feudal Age |
| 8:31 | Research | Feudal Age |
| 10:13 | Queue | Villager (Male) |
| 10:14 | Queue | Villager (Male) |
| 10:20 | Research | Loom |
| 10:41 | Age | Feudal Age |
| 10:44 | Build | Market |
| 10:48 | Build | Blacksmith |
| 11:34 | Research | Castle Age |
| 11:55 | Build | Mining Camp |
| 12:08 | Research | Double-Bit Axe |
| 12:11 | Research | Horse Collar |
| 12:55 | Queue | Villager (Male) |
| 13:18 | Build | House |
| 13:27 | Queue | Villager (Male) |
| 14:14 | Age | Castle Age |
| 14:24 | Queue | Villager (Male) |
| 14:24 | Queue | Villager (Male) |
| 14:24 | Queue | Villager (Male) |
| 14:25 | Queue | Villager (Male) |
| 15:03 | Build | Farm |
| 15:19 | Build | Castle |
| 15:36 | Build | Farm |
| 15:39 | Build | Farm |
| 16:07 | Build | Mining Camp |
| 16:21 | Queue | Villager (Male) |
| 16:27 | Build | Stone Wall |
| 16:29 | Build | Stone Wall |
| 16:33 | Build | Stone Wall |
| 16:46 | Build | Stone Wall |
| 17:05 | Build | Farm |
| 17:06 | Build | Farm |
| 17:07 | Build | Farm |
| 17:36 | Queue | Conquistador |
| 17:49 | Build | Stone Wall |
| 18:03 | Queue | Villager (Male) |
| 18:03 | Queue | Villager (Male) |
| 18:03 | Queue | Villager (Male) |
| 18:07 | Build | Farm |
| 18:14 | Build | House |
| 18:19 | Build | Farm |
| 18:20 | Build | Farm |
| 18:22 | Build | Farm |
| 18:35 | Queue | Villager (Male) |
| 18:35 | Queue | Villager (Male) |
| 18:35 | Queue | Villager (Male) |
| 18:54 | Build | Watch Tower |
| 19:08 | Queue | Villager (Male) |
| 19:08 | Queue | Villager (Male) |
| 19:08 | Queue | Villager (Male) |
| 19:16 | Build | Farm |
| 19:34 | Build | Farm |
| 19:35 | Queue | Villager (Male) |
| 19:35 | Queue | Villager (Male) |
| 19:50 | Build | Stone Wall |
| 19:54 | Build | Farm |
| 19:54 | Queue | Villager (Male) |
| 19:55 | Queue | Villager (Male) |
| 20:00 | Queue | Villager (Male) |
| 20:00 | Queue | Villager (Male) |
| 20:05 | Queue | Conquistador |
| 20:05 | Queue | Conquistador |
| 20:21 | Queue | Villager (Male) |
| 20:22 | Queue | Villager (Male) |
| 20:30 | Build | Monastery |
| 20:31 | Queue | Conquistador |
| 20:56 | Build | House |
| 21:27 | Build | Stone Wall |
| 21:36 | Build | Lumber Camp |
| 21:53 | Build | House |
| 22:08 | Queue | Villager (Male) |
| 22:08 | Queue | Villager (Male) |
| 22:10 | Queue | Monk |
| 22:14 | Queue | Missionary |
| 22:30 | Queue | Villager (Male) |
| 22:31 | Queue | Villager (Male) |
| 23:20 | Queue | Villager (Male) |
| 23:22 | Queue | Villager (Male) |
| 23:22 | Queue | Villager (Male) |
| 23:22 | Queue | Villager (Male) |
| 23:27 | Queue | Villager (Male) |
| 23:27 | Queue | Villager (Male) |
| 23:31 | Build | Mill |
| 24:18 | Queue | Villager (Male) |
| 24:18 | Queue | Villager (Male) |
| 24:35 | Queue | Villager (Male) |
| 24:35 | Queue | Villager (Male) |
| 24:42 | Build | Town Center |
| 24:43 | Queue | Villager (Male) |
| 25:00 | Build | Stone Wall |
| 25:09 | Build | Farm |
| 25:12 | Queue | Villager (Male) |
| 25:12 | Queue | Villager (Male) |
| 25:20 | Build | Town Center |
| 25:50 | Queue | Conquistador |
| 25:52 | Queue | Petard |
| 25:53 | Queue | Petard |
| 26:06 | Queue | Villager (Male) |
Build order — PSX | King
First 150 of 479 actions detected
| 0:00 | Queue | Villager (Male) |
| 0:00 | Queue | Villager (Male) |
| 0:02 | Build | House |
| 0:02 | Build | House |
| 0:05 | Queue | Villager (Male) |
| 0:10 | Queue | Villager (Male) |
| 1:08 | Queue | Villager (Male) |
| 1:38 | Queue | Villager (Male) |
| 1:56 | Build | Lumber Camp |
| 2:12 | Queue | Villager (Male) |
| 2:47 | Queue | Villager (Male) |
| 3:07 | Queue | Villager (Male) |
| 3:18 | Build | House |
| 3:19 | Build | House |
| 3:19 | Build | House |
| 3:54 | Queue | Villager (Male) |
| 3:54 | Queue | Villager (Male) |
| 4:21 | Build | Mill |
| 4:38 | Queue | Villager (Male) |
| 4:39 | Queue | Villager (Male) |
| 4:40 | Queue | Villager (Male) |
| 5:19 | Queue | Villager (Male) |
| 5:19 | Queue | Villager (Male) |
| 5:26 | Build | Mill |
| 5:43 | Queue | Villager (Male) |
| 6:48 | Queue | Villager (Male) |
| 6:48 | Queue | Villager (Male) |
| 7:24 | Queue | Villager (Male) |
| 7:24 | Queue | Villager (Male) |
| 7:29 | Build | Mining Camp |
| 7:41 | Queue | Villager (Male) |
| 8:09 | Build | Mining Camp |
| 8:12 | Build | Mining Camp |
| 8:14 | Queue | Villager (Male) |
| 9:01 | Research | Loom |
| 9:03 | Research | Feudal Age |
| 9:36 | Research | Feudal Age |
| 9:52 | Queue | Villager (Male) |
| 9:53 | Queue | Villager (Male) |
| 10:02 | Build | Palisade Wall |
| 11:54 | Age | Feudal Age |
| 11:55 | Build | Market |
| 11:57 | Build | Blacksmith |
| 12:03 | Research | Double-Bit Axe |
| 12:17 | Build | Farm |
| 12:31 | Research | Horse Collar |
| 12:46 | Research | Castle Age |
| 13:06 | Build | Farm |
| 13:20 | Build | Farm |
| 13:26 | Research | Scale Mail Armor |
| 13:36 | Build | House |
| 13:37 | Build | House |
| 13:54 | Build | Farm |
| 14:07 | Build | House |
| 14:12 | Queue | Villager (Male) |
| 14:59 | Build | Farm |
| 15:26 | Age | Castle Age |
| 15:38 | Build | Castle |
| 15:40 | Queue | Villager (Male) |
| 15:42 | Research | Bow Saw |
| 16:04 | Build | House |
| 16:11 | Build | Palisade Gate |
| 16:16 | Queue | Villager (Male) |
| 16:26 | Build | Palisade Gate |
| 16:27 | Build | Palisade Wall |
| 16:35 | Build | Stone Wall |
| 16:42 | Build | Stone Wall |
| 16:53 | Queue | Villager (Male) |
| 16:58 | Build | Mining Camp |
| 17:10 | Queue | Villager (Male) |
| 17:14 | Queue | Gbeto |
| 17:14 | Queue | Gbeto |
| 17:14 | Queue | Gbeto |
| 17:24 | Build | Farm |
| 17:25 | Build | Farm |
| 17:25 | Build | Farm |
| 17:27 | Build | Farm |
| 17:37 | Queue | Villager (Male) |
| 17:46 | Queue | Gbeto |
| 18:12 | Research | Scale Mail Armor |
| 18:13 | Queue | Villager (Male) |
| 18:16 | Build | Farm |
| 18:29 | Queue | Villager (Male) |
| 18:41 | Queue | Villager (Male) |
| 19:02 | Queue | Villager (Male) |
| 19:06 | Build | Farm |
| 19:08 | Build | Farm |
| 19:10 | Build | Farm |
| 19:12 | Build | Farm |
| 19:12 | Queue | Villager (Male) |
| 19:24 | Queue | Petard |
| 19:24 | Queue | Petard |
| 19:42 | Build | Barracks |
| 19:48 | Queue | Villager (Male) |
| 19:57 | Queue | Gbeto |
| 20:12 | Build | House |
| 20:13 | Build | House |
| 20:20 | Queue | Gbeto |
| 20:20 | Queue | Gbeto |
| 20:42 | Queue | Villager (Male) |
| 20:44 | Queue | Gbeto |
| 21:03 | Research | Squires |
| 21:16 | Queue | Villager (Male) |
| 21:21 | Build | Farm |
| 21:21 | Build | Farm |
| 21:21 | Build | Farm |
| 21:22 | Build | Farm |
| 21:22 | Build | Farm |
| 21:26 | Queue | Gbeto |
| 21:46 | Queue | Villager (Male) |
| 21:47 | Research | Forging |
| 22:03 | Queue | Villager (Male) |
| 22:13 | Queue | Gbeto |
| 22:13 | Queue | Gbeto |
| 22:13 | Queue | Gbeto |
| 22:23 | Queue | Gbeto |
| 22:30 | Build | Farm |
| 22:31 | Build | Farm |
| 22:31 | Build | Farm |
| 22:31 | Build | Farm |
| 22:31 | Build | Farm |
| 22:51 | Queue | Villager (Male) |
| 22:51 | Queue | Villager (Male) |
| 22:59 | Queue | Gbeto |
| 22:59 | Queue | Gbeto |
| 23:28 | Queue | Villager (Male) |
| 23:29 | Queue | Gbeto |
| 23:29 | Queue | Gbeto |
| 23:33 | Build | Lumber Camp |
| 23:39 | Queue | Gbeto |
| 23:48 | Research | Chain Mail Armor |
| 24:11 | Queue | Villager (Male) |
| 24:12 | Queue | Villager (Male) |
| 24:13 | Queue | Villager (Male) |
| 24:16 | Queue | Gbeto |
| 24:16 | Queue | Gbeto |
| 24:19 | Queue | Petard |
| 24:38 | Build | Town Center |
| 24:44 | Research | Wheelbarrow |
| 25:09 | Research | Iron Casting |
| 25:14 | Queue | Gbeto |
| 25:26 | Research | Arson |
| 25:31 | Queue | Gbeto |
| 25:50 | Queue | Villager (Male) |
| 25:50 | Queue | Villager (Male) |
| 25:55 | Queue | Gbeto |
| 26:06 | Queue | Villager (Male) |
| 26:06 | Queue | Villager (Male) |
| 26:09 | Build | Farm |
| 26:11 | Build | Farm |
Match timeline
| 4:22 | Thire7 · wall_segment Palisade Wall x1 |
| 4:26 | Thire7 · wall_segment Palisade Wall x1 |
| 4:27 | Thire7 · wall_segment Palisade Wall x1 |
| 4:30 | Thire7 · wall_segment Palisade Wall x1 |
| 4:35 | Thire7 · wall_segment Palisade Wall x1 |
| 4:37 | Thire7 · wall_segment Palisade Wall x1 |
| 4:41 | Thire7 · wall_segment Palisade Wall x1 |
| 4:45 | Thire7 · wall_segment Palisade Wall x1 |
| 4:47 | Thire7 · wall_segment Palisade Wall x1 |
| 5:08 | Movinup14 · wall_segment Palisade Wall x1 |
| 5:12 | Movinup14 · wall_segment Palisade Wall x1 |
| 5:23 | Movinup14 · wall_segment Palisade Wall x1 |
| 5:25 | Movinup14 · wall_segment Palisade Wall x5 |
| 6:07 | Thire7 · wall_segment Palisade Wall x2 |
| 10:02 | PSX | King · wall_segment Palisade Wall x1 |
| 10:21 | CTM | Franco* · age_up feudal |
| 10:32 | Movinup14 · age_up feudal |
| 10:41 | Thire7 · age_up feudal |
| 11:54 | PSX | King · age_up feudal |
| 14:14 | Thire7 · age_up castle |
| 14:30 | Movinup14 · age_up castle |
| 14:30 | CTM | Franco* · age_up castle |
| 14:45 | CTM | Franco* · first_building Siege Workshop |
| 15:19 | Thire7 · first_building Castle |
| 15:23 | CTM | Franco* · first_building Monastery |
| 15:26 | PSX | King · age_up castle |
| 15:38 | PSX | King · first_building Castle |
| 16:27 | Thire7 · wall_segment Stone Wall x4 |
| 16:27 | PSX | King · wall_segment Palisade Wall x1 |
| 16:29 | Thire7 · wall_segment Stone Wall x4 |
| 16:33 | Thire7 · wall_segment Stone Wall x1 |
| 16:35 | PSX | King · wall_segment Stone Wall x10 |
| 16:38 | PSX | King · first_market_buy 100 stone |
| 16:42 | PSX | King · wall_segment Stone Wall x10 |
| 16:46 | Thire7 · wall_segment Stone Wall x9 |
| 17:29 | Thire7 · first_market_buy 100 food |
| 17:35 | Thire7 · first_market_sell 100 wood |
| 17:49 | Thire7 · wall_segment Stone Wall x2 |
| 19:42 | PSX | King · first_building Barracks |
| 19:50 | Thire7 · wall_segment Stone Wall x1 |
| 20:30 | Thire7 · first_building Monastery |
| 21:27 | Thire7 · wall_segment Stone Wall x1 |
| 21:27 | Movinup14 · first_building Barracks |
| 21:48 | Movinup14 · first_market_sell 500 food |
| 21:50 | Movinup14 · first_market_buy 500 stone |
| 22:07 | Thire7 · tribute_sent a jugador 1 |
| 22:07 | Thire7 · tribute_sent a jugador 2 |
| 22:07 | Thire7 · tribute_sent a jugador 4 |
| 22:11 | Movinup14 · first_building Castle |
| 22:15 | Movinup14 · wall_segment Stone Wall x5 |
| 22:50 | Movinup14 · first_building Siege Workshop |
| 25:00 | Thire7 · wall_segment Stone Wall x3 |
| 27:08 | PSX | King · first_building Siege Workshop |
| 28:17 | PSX | King · wall_segment Stone Wall x1 |
| 28:35 | PSX | King · wall_segment Stone Wall x1 |
| 29:04 | PSX | King · first_market_sell 100 food |
| 29:26 | Movinup14 · first_building Stable |
| 29:36 | Movinup14 · age_up imperial |
| 30:25 | Thire7 · first_building Siege Workshop |
| 31:37 | PSX | King · wall_segment Stone Wall x1 |
| 32:38 | CTM | Franco* · first_building Castle |
| 33:30 | CTM | Franco* · age_up imperial |
| 34:45 | Thire7 · first_building Barracks |
| 36:11 | Thire7 · first_building Stable |
| 36:33 | Thire7 · wall_segment Stone Wall x2 |
| 36:36 | Thire7 · wall_segment Stone Wall x3 |
| 36:53 | PSX | King · first_building Stable |
| 37:44 | PSX | King · wall_segment Stone Wall x6 |
| 38:08 | PSX | King · age_up imperial |
| 39:51 | Thire7 · tribute_sent a jugador 1 |
| 39:51 | Thire7 · tribute_sent a jugador 2 |
| 39:51 | Thire7 · tribute_sent a jugador 4 |
| 40:42 | CTM | Franco* · first_building Stable |
| 43:07 | PSX | King · first_building Archery Range |
| 43:12 | Thire7 · first_building Archery Range |
| 43:41 | Thire7 · age_up imperial |
| 45:26 | PSX | King · first_building Monastery |
| 47:00 | Movinup14 · first_building Archery Range |
| 47:06 | Thire7 · wall_segment Stone Wall x1 |
| 48:13 | CTM | Franco* · wall_segment Stone Wall x1 |
| 48:51 | CTM | Franco* · wall_segment Stone Wall x1 |
| 48:55 | CTM | Franco* · wall_segment Stone Wall x1 |
| 49:13 | CTM | Franco* · wall_segment Stone Wall x1 |
| 52:35 | Movinup14 · first_building Monastery |
| 62:07 | PSX | King · wall_segment Stone Wall x18 |
| 62:09 | PSX | King · wall_segment Stone Wall x8 |
| 62:11 | PSX | King · wall_segment Stone Wall x6 |
| 62:15 | PSX | King · wall_segment Stone Wall x7 |
| 62:20 | PSX | King · wall_segment Stone Wall x12 |
| 62:26 | PSX | King · wall_segment Stone Wall x6 |
| 62:27 | PSX | King · wall_segment Stone Wall x6 |
| 62:29 | PSX | King · wall_segment Stone Wall x6 |
| 62:31 | PSX | King · wall_segment Stone Wall x8 |
| 62:33 | PSX | King · wall_segment Stone Wall x6 |
| 62:34 | PSX | King · wall_segment Stone Wall x7 |
| 62:40 | PSX | King · wall_segment Stone Wall x12 |
| 62:41 | PSX | King · wall_segment Stone Wall x8 |
| 62:42 | PSX | King · wall_segment Stone Wall x3 |
| 62:43 | PSX | King · wall_segment Stone Wall x6 |
| 63:36 | PSX | King · wall_segment Stone Wall x4 |
| 63:46 | CTM | Franco* · wall_segment Stone Wall x1 |
| 63:47 | CTM | Franco* · wall_segment Stone Wall x1 |
[ AI ANALYSIS · 1 CREDIT ]
What really happened in this match?
Wolo.gg analyzes every decision: build order, eco, micro, common mistakes by bracket. Personalized analysis on WhatsApp or Discord in 30 seconds.
Civ guide
Byzantines
Perfil
Jugador #2538185